 Dungeon Crawl Stone Soup version 0.29.1-2-gbd0b4ee654 (webtiles) character file.

Game seed: 16328577117891601985

458 GorkyZ the Trooper (level 7, -3/44 HPs)
             Began as a Gargoyle Fighter on Nov 26, 2022.
             Slain by a worm (6 damage)
             ... on level 5 of the Dungeon.
             The game lasted 00:08:35 (4490 turns).

GorkyZ the Trooper (Gargoyle Fighter)               Turns: 4490, Time: 00:08:35

Health: -3/44      AC: 16    Str: 21    XL:     7   Next: 6%
Magic:  7/7        EV: 10    Int:  9    God:
Gold:   212        SH:  4    Dex:  9    Spells: 6/6 levels left

rFire   . . .      SeeInvis .   r - +0 broad axe
rCold   . . .      Faith    .   c - +0 buckler
rNeg    + . .      Spirit   .   b - +1 scale mail
rPois   ∞          Reflect  .   (no helmet)
rElec   +          Harm     .   (no cloak)
rCorr   .          Rampage  .   (no gloves)
Will    .....                   (no boots)
Stlth   ..........              (no amulet)
HPRegen 0.14/turn               i - +4 ring of protection
MPRegen 0.10/turn               (no ring)

@: hasted, slow
A: sickness immunity, AC +4, negative energy resistance 1, electricity
resistance, torment resistance 1, petrification resistance
a: no special abilities


You were on level 5 of the Dungeon.
You visited 1 branch of the dungeon, and saw 5 of its levels.

You collected 212 gold pieces.

Inventory:

Hand Weapons
 a - a +1 war axe
 r - a +0 broad axe (weapon)
Missiles
 f - 3 silver boomerangs
 j - 23 poisoned darts (quivered)
Armour
 b - a +1 scale mail (worn)
 c - a +0 buckler (worn)
Jewellery
 i - a +4 ring of protection (left hand)
 u - a ring of wizardry
Wands
 q - a wand of flame (30)
Scrolls
 l - a scroll of identify
 m - a scroll of noise
 p - 2 scrolls of fog
 s - 2 scrolls of blinking
Potions
 d - 2 potions of might
 e - 2 potions of haste
 g - a potion of heal wounds
 h - 2 potions of degeneration
 n - a potion of invisibility {unknown}
 o - a potion of magic


   Skills:
 + Level 4.4 Fighting
 + Level 3.0 Axes
 + Level 2.2 Throwing
 + Level 4.3 Armour
 + Level 2.0 Dodging
 + Level 4.3 Shields
 + Level 2.0 Evocations


You had 6 spell levels left.
You didn't know any spells.
Your spell library contained the following spells:

 Spells                   Type           Power      Damage    Failure   Level
 Inner Flame              Hex/Fire       0%         N/A       99%         3
 Ozocubu's Armour         Ice            0%         N/A       99%         3
 Cause Fear               Hex            0%         N/A       100%        4
 Metabolic Englaciation   Hex/Ice        0%         N/A       100%        5
 Simulacrum               Ice/Necr       0%         N/A       100%        6
 Discord                  Hex            0%         N/A       100%        8


Dungeon Overview and Level Annotations

Branches:
Dungeon (5/15)
 Temple: D:4-7

Altars:
Cheibriados

Annotations:
D:4 2 runed translucent doors


Innate Abilities, Weirdness & Mutations

You are immune to sickness and miasma.
Your stone body is resilient. (AC +4)
You are immune to poison.
You resist negative energy. (rN+)
You are resistant to electric shocks. (rElec)
You are resistant to unholy torment.
You are immune to petrification.


Message History

You feel yourself speed up.
The river rat bites you but does no damage.
Your unstable footing causes you to fumble your attack.
You block the river rat's attack.
You barely miss the river rat.
The river rat is heavily wounded.
The river rat bites you but does no damage.
You slash the river rat!
You kill the river rat! 2 river rats and an adder come into view.
A worm comes into view.
The adder closely misses you. You block the adder's attack.
You barely miss the adder. You block the adder's attack. The adder bites you.
* * * LOW HITPOINT WARNING * * *
Your unstable footing causes you to fumble your attack.
You block the adder's attack.
You miss the adder. You block the adder's attack.
Your unstable footing causes you to fumble your attack.
The adder completely misses you. The adder closely misses you.
You hit the adder.
The adder is heavily wounded.
The adder bites you but does no damage.
Your unstable footing causes you to fumble your attack.
The adder bites you but does no damage.
You hit the adder.
You kill the adder!
Your Axes skill increases to level 3!
You barely miss the river rat.
The river rat bites you but does no damage.
The river rat bites you.
* * * LOW HITPOINT WARNING * * *
The worm bites you.
* * * LOW HITPOINT WARNING * * *
You barely miss the river rat. You hit the river rat. You barely miss the worm.
The river rat closely misses you. x2
Your unstable footing causes you to fumble your attack.
You block the river rat's attack.
The river rat bites you but does no damage.
The worm bites you.
You die...

..#$.................)...#
.........##########.....##
.........# #~ #####.### #
#.......# #~ #...####
#..##...# ~## #..#..... #.
##..# ~~# #..#####..# #
#..##~##~# #... ####
#.###~~wr# # #.. ##.#
####@#~# #.. . #..#
#~~r~~~# #. ##. #.##
#~########.. #...###.#
#~~~~~~~~~.# ........#
#####~#~#~~.#
........###..~~~~~.~.##
..#......##.†..~.....#
............†........#
<...........>......###


You could see a worm and 2 river rats.

Vanquished Creatures
  An ogre (D:5)
  Blork the orc (D:4)
  A hound (D:5)
  A jelly (D:5)
  2 orc priests (D:4)
  7 adders
  4 river rats (D:5)
  4 worms
  4 dart slugs
  6 orcs (D:4)
  5 ball pythons
  5 endoplasms
  A giant cockroach (D:2)
  5 goblins
  3 hobgoblins
  9 jackals
  4 quokkas
  4 frilled lizards
  2 kobolds
  3 rats
72 creatures vanquished.

Vanquished Creatures (others)
  A demonic plant (D:1)
  2 plants (D:1)
  A withered plant (D:1)
4 creatures vanquished.

Grand Total: 76 creatures vanquished

Notes
Turn   | Place    | Note
-------+----------+-------------------------------------------
     0 | D:1      | GorkyZ the Gargoyle Fighter began the quest for the Orb.
     0 | D:1      | Reached XP level 1. HP: 14/14 MP: 1/1
     1 | D:1      | Found a snail-covered altar of Cheibriados.
   191 | D:1      | Reached XP level 2. HP: 19/19 MP: 2/2
   233 | D:1      | Found a faded altar of an unknown god.
   754 | D:1      | Reached XP level 3. HP: 19/23 MP: 3/3
  1298 | D:2      | Reached XP level 4. HP: 19/29 MP: 4/4
  1309 | D:2      | Reached skill level 1 in Throwing
  1709 | D:2      | Reached skill level 1 in Dodging
  2029 | D:3      | Reached skill level 1 in Evocations
  3046 | D:4      | Reached XP level 5. HP: 31/33 MP: 5/5
  3123 | D:4      | Noticed Blork the orc
  3136 | D:4      | Killed Blork the orc
  3312 | D:4      | Reached XP level 6. HP: 33/38 MP: 6/6
  3545 | D:4      | Found a large runed translucent door.
  3547 | D:4      | Found a large runed translucent door.
  3834 | D:5      | Entered Level 5 of the Dungeon
  4458 | D:5      | Reached XP level 7. HP: 10/44 MP: 7/7
  4490 | D:5      | Slain by a worm

Illustrated notes

Levels and vault maps discovered:
D:1:      sevenhm_arrival_forest_fort_small_6, layout_rooms,
          shapermc_ecumenical_altar_gd
D:2:      layout_basic
D:3:      layout_loops_ring
D:4:      layout_cave_pods, jmf_multi_god_temple2, uniq_blork_the_orc
D:5:      layout_layer_cave, lightli_sewer_entry_pipes, nrook_mini_vaults,
          uniq_prince_ribbit1

Skill      XL: |  1  2  3  4  5  6  7 |
---------------+----------------------+-----
Axes           | 2 3 |  3.0
Throwing       | 1 2 |  2.2
Dodging        | 1 2 |  2.0
Evocations     | 1 2 |  2.0
Fighting       | 4 |  4.4
Armour         | 4 |  4.3
Shields        | 4 |  4.3

Action                   |  1- 3 |  4- 6 |  7- 9 || total
-------------------------+-------+-------+-------++-------
Melee: War axe           |    83 |    97 |       ||   180
       Broad axe         |       |    65 |    24 ||    89
  Use: Scroll            |       |    13 |       ||    13
       Potion            |       |     1 |     2 ||     3
Armor: Scale mail        |    41 |    87 |    10 ||   138
Dodge: Dodged            |    30 |   105 |    11 ||   146
Block: Buckler           |    13 |    37 |    10 ||    60
